 Dungeon Crawl Stone Soup version 0.26-a0-757-g626ac9e51a (webtiles) character file.

Game seed: 14047669020318487235

4 miscthings the Sneak (level 1, -2/20 HPs)
             Began as a Palentonga Delver on Nov 8, 2020.
             Was an Initiate of Okawaru.
             Slain by an ufetubus (3 damage)
             ... on level 5 of the Dungeon.
             The game lasted 00:00:29 (155 turns).

miscthings the Sneak (Palentonga Delver)             Turns: 155, Time: 00:00:29

Health: -2/20      AC:  4    Str: 15    XL:     1   Next: 58%
Magic:  1/1        EV:  9    Int: 10    God:    Okawaru [......]
Gold:   0          SH:  0    Dex: 11    Spells: 0/0 levels left

rFire    . . .     SeeInvis +   a - +0 hand axe
rCold    . . .     Faith    .   (no shield)
rNeg     . . .     Spirit   .   b - +0 leather armour
rPois    .         Reflect  .   (no helmet)
rElec    .         Harm     .   (no cloak)
rCorr    .         Rampage  .   (no gloves)
MR       .....                  (no barding)
Stlth    ++........             (no amulet)
HPRegen  0.06/turn              (no ring)
MPRegen  0.07/turn              (no ring)

@: no status effects
A: large, rugged brown scales 3, see invisible, deformed body, roll, armoured
tail
a: Rolling Charge, Renounce Religion


You were on level 5 of the Dungeon.
You worshipped Okawaru.
Okawaru was noncommittal.
You visited 2 branches of the dungeon, and saw 2 of its levels.

Inventory:

Hand Weapons
 a - a +0 hand axe (weapon)
Armour
 b - a +0 leather armour (worn)
Wands
 g - a wand of digging (3)
Scrolls
 c - a scroll of fog
 d - a scroll of magic mapping
 e - a scroll of fear
Potions
 f - a potion of haste


   Skills:
 - Level 3.0 Fighting
 + Level 2.4 Axes
 - Level 1.5 Dodging
 - Level 3.3 Stealth


You couldn't memorise any spells.
You didn't know any spells.
Your spell library was empty.

Dungeon Overview and Level Annotations

Branches:
Dungeon (5/15)             Temple (1/1) D:5

Altars:
Elyvilon
Gozag
Hepliaklqana
Okawaru
Trog
Wu Jian
Xom
Zin


Innate Abilities, Weirdness & Mutations

You are completely covered in rugged brown scales. (AC +3, +7% HP)
You have supernaturally acute eyesight. (SInv)
Armour fits poorly on your strangely shaped body.
You can roll at foes to attack.
You have a long armoured tail.


Message History

Your tail-slap misses the ufetubus.
The ufetubus hits you. The ufetubus barely misses you.
An orc comes into view. It is wielding a +0 falchion.
An orc comes into view.
The ufetubus hits you but does no damage.
The ufetubus hits you.
You miss the ufetubus. The ufetubus closely misses you. The ufetubus hits you.
The orc hits you with a +0 war axe. The ufetubus hits you.
* * * LOW HITPOINT WARNING * * *
The ufetubus hits you but does no damage.
An orc wizard comes into view. It is wielding a +0 dagger.
You miss the ufetubus.
The ufetubus hits you but does no damage.
The ufetubus barely misses you. The ufetubus closely misses you.
The ufetubus barely misses you.
You hit the ufetubus but do no damage. The ufetubus closely misses you.
The ufetubus hits you.
* * * LOW HITPOINT WARNING * * *
The ufetubus hits you.
You die...

.# ..# .o# ..o ..
#o#####.##
#.#...5...
.########o#.......
.'.....@5o#.......
.########.#.......
#.........
##.####.# #..#
##.## #..# ##.##
#..#.# .#


You could see 2 orcs and an ufetubus.

Vanquished Creatures
  3 jackals
  A leopard gecko skeleton (D:5)
4 creatures vanquished.

Notes
Turn   | Place    | Note
-------+----------+-------------------------------------------
     0 | D:5      | miscthings the Palentonga Delver began the quest for the
                  | Orb.
     0 | D:5      | Reached XP level 1. HP: 20/20 MP: 1/1
     1 | D:5      | Found a staircase to the Ecumenical Temple.
     9 | Temple   | Entered the Ecumenical Temple
    17 | Temple   | Became a worshipper of Warmaster Okawaru
   152 | D:5      | Noticed an orc wizard
   155 | D:5      | HP: 1/20 [ufetubus (5)]
   155 | D:5      | Slain by an ufetubus

Illustrated notes

Levels and vault maps discovered:
D:5:      layout_basic, lemuel_zombie_altar_kikubaaqudgha,
          minmay_temple_entry_glass, gammafunk_ghost_hive
Temple:   eino_narrow_crystal_temple

Action                   || total
-------------------------++-------
Melee: Hand axe          ||    11
Armor: Leather armour    ||     9
Dodge: Dodged            ||    10

Table legend: (Time is in decaauts)
 A = Elapsed time spent in this place.
 B = Non-inter-level travel time spent in this place.
 C = Inter-level travel time spent in this place.
 D = Time resting spent in this place.
 E = Time spent auto-exploring this place.
 F = Levels seen in this place.
 G = Mean time per level.
                   A        B        C        D        E       F      G
               +--------+--------+--------+--------+--------+-----+--------+
         Total |    157 |    157 |      0 |     94 |      0 |   2 |   78.5 |
       Dungeon |     48 |     48 |      0 |      0 |      0 |   1 |   48.0 |
        Temple |    109 |    109 |      0 |     94 |      0 |   1 |  109.0 |
               +--------+--------+--------+--------+--------+-----+--------+

Top non-repeatable levels by time:
  Temple: 109 daAuts
     D:5: 48 daAuts
